 Dungeon Crawl Stone Soup version 0.28.0-53-g5a82cb258f (webtiles) character file.

Game seed: 2923421382133620702

134 Sin92 the Skirmisher (level 4, 0/35 HPs)
             Began as a Demonspawn Fighter on June 24, 2022.
             Was a Follower of Dithmenos.
             Slain by an orc
             ... wielding a +0 flail
              (3 damage)
             ... on level 3 of the Dungeon.
             The game lasted 00:05:11 (3119 turns).

Sin92 the Skirmisher (Demonspawn Fighter)           Turns: 3119, Time: 00:05:11

Health: 0/35       AC:  8    Str: 16      XL:     4   Next: 95%
Magic:  6/6        EV:  9    Int: 10 (11) God:    Dithmenos [*.....]
Gold:   99         SH:  9    Dex: 12 (13) Spells: 5/5 levels left

rFire   . . .      SeeInvis +   a - +0 long sword
rCold   . . .      Faith    .   c - +1 buckler
rNeg    . . .      Spirit   .   b - +0 scale mail
rPois   .          Reflect  .   (no helmet)
rElec   .          Harm     .   (no cloak)
rCorr   .          Rampage  .   (no gloves)
Will    .....                   (no boots)
Stlth   ..........              (no amulet)
HPRegen 0.11/turn               j - ring of see invisible
MPRegen 0.10/turn               (no ring)

@: wreathed by umbra
A: slimy green scales 1, condensation shield, demonic magic 1
a: Renounce Religion


You were on level 3 of the Dungeon.
You worshipped Dithmenos.
Dithmenos was aware of your devotion.
You visited 1 branch of the dungeon, and saw 3 of its levels.

You collected 99 gold pieces.

Inventory:

Hand Weapons
 a - a +0 long sword (weapon)
Armour
 b - a +0 scale mail (worn)
 c - a +1 buckler (worn)
Jewellery
 j - a ring of see invisible (left hand)
Wands
 k - a wand of flame (19)
Potions
 g - 2 potions of curing


   Skills:
 + Level 3.5 Fighting
 + Level 2.3 Long Blades
 + Level 3.1 Armour
 + Level 1.3 Dodging
 + Level 1.4 Stealth
 + Level 3.2 Shields
 + Level 1.3 Spellcasting


You had 5 spell levels left.
You didn't know any spells.
Your spell library contained the following spells:

 Spells                   Type           Power      Damage    Failure   Level
 Dazzling Flash           Conj/Hex       0%         N/A       99%         3
 Agony                    Necr           0%         N/A       100%        5
 Silence                  Hex/Air        0%         N/A       100%        5


Dungeon Overview and Level Annotations

Branches:
Dungeon (3/15)

Altars:
Dithmenos
Elyvilon

Shops:
D:3 (


Innate Abilities, Weirdness & Mutations

You are partially covered in slimy green scales. (AC +2)
A meltable shield of frost defends you. (SH +4)
Spells you cast may paralyse adjacent enemies.


Message History

The orc priest is heavily wounded.
The orc priest hits you but does no damage.
The frilled lizard bites you.
* * * LOW HITPOINT WARNING * * *
Unknown command.
You hit the orc priest.
The orc priest is heavily wounded.
You block the frilled lizard's attack. The orc priest barely misses you.
You block the orc's attack.
You barely miss the orc priest.
The orc priest is heavily wounded.
The frilled lizard bites you but does no damage.
You block the orc priest's attack. The orc closely misses you.
You block the frilled lizard's attack.
You hit the orc priest.
The orc priest is severely wounded.
The orc priest casts a cantrip, but nothing happens.
The orc hits you with a +0 flail.
* * * LOW HITPOINT WARNING * * *
You block the frilled lizard's attack.
The orc priest looks braver for a moment.
Okay, then.
The orc hits you but does no damage.
The frilled lizard bites you but does no damage.
The orc priest looks braver for a moment.
Things that are here:
a +0 flail; an emerald potion You feel better.
The frilled lizard bites you but does no damage.
The orc priest mumbles some strange prayers to Beogh against you.
Beogh smites you!
* * * LOW HITPOINT WARNING * * *
The orc hits you with a +0 flail.
* * * LOW HITPOINT WARNING * * *
The frilled lizard unfolds its giant frill.
You see here 25 sling bullets.
The orc priest begins to cast a cantrip, but forgets the words!
There is a stone staircase leading up here.
The orc hits you with a +0 flail.
You die...

#... .......)###.##.######.#
#..###.###........##.#### #.#
#.............###.......###.#
#.....#'#................##.#
###gl...+∩'....o......).......#
..).....#'#...).###..#.######.#
.<#.......##..#l# #..#.# #.#
###......###..#o###..#.#### #.#
#......# #..#.@.........###.#
#.#..#># #..................#
#.#..# # #.##.....##.########
...... .. ..[....##.# .....#.#
............# ......###.####
.#8##.# #.# #. #. .#


You could see an orc priest, an orc and a frilled lizard.

Vanquished Creatures
  6 gnolls
  An adder (D:2)
  2 worms
  A dart slug (D:2)
  4 orcs
  6 ball pythons
  3 bats
  6 endoplasms
  A giant cockroach (D:1)
  5 goblins
  6 hobgoblins
  4 quokkas
  6 frilled lizards
  3 kobolds
  3 rats
57 creatures vanquished.

Vanquished Creatures (others)
  2 plants (D:3)
2 creatures vanquished.

Grand Total: 59 creatures vanquished

Notes
Turn   | Place    | Note
-------+----------+-------------------------------------------
     0 | D:1      | Sin92 the Demonspawn Fighter began the quest for the Orb.
     0 | D:1      | Reached XP level 1. HP: 18/18 MP: 1/1
   325 | D:1      | You fall into a shaft and drop 1 floor!
   330 | D:2      | Gained mutation: You are partially covered in slimy green
                  | scales. (AC +2) [demonic ancestry]
   330 | D:2      | Reached XP level 2. HP: 24/24 MP: 2/2
   865 | D:1      | Gained mutation: A meltable shield of frost defends you.
                  | (SH +4) [demonic ancestry]
   865 | D:1      | Reached XP level 3. HP: 22/29 MP: 3/3
  1438 | D:2      | Reached skill level 1 in Stealth
  1443 | D:2      | Reached skill level 1 in Spellcasting
  1552 | D:2      | Found a faded altar of an unknown god.
  2108 | D:2      | Prayed at the altar of an unknown god.
  2108 | D:2      | Became a worshipper of Dithmenos the Shadowed
  2108 | D:2      | Reached * piety under Dithmenos
  2210 | D:1      | Gained mutation: Spells you cast may paralyse adjacent
                  | enemies. [demonic ancestry]
  2210 | D:1      | Reached XP level 4. HP: 5/35 MP: 1/5
  2211 | D:1      | Reached skill level 1 in Dodging
  3077 | D:3      | Found Paguel's Weapon Shop.
  3119 | D:3      | Slain by an orc

Illustrated notes

Levels and vault maps discovered:
D:1:      dpeg_arrival_brainrot, layout_basic, minmay_close_crescents
D:2:      layout_loops_ring, shapermc_ecumenical_altar_flowoftime, basic_altar,
          minmay_tromino_v4_a
D:3:      layout_basic, serial_shops, shop_statue, nicolae_shop_behind_doors,
          shop, nicolae_shop_overgrown_old_shop

Skill      XL: |  1  2  3  4 |
---------------+-------------+-----
Long Blades    | 2 |  2.3
Stealth        | 1 |  1.4
Shields        | 3 |  3.2
Spellcasting   | 1 |  1.3
Armour         | 3 |  3.1
Dodging        | 1 |  1.3
Fighting       | |  3.5

Action                   |  1- 3 |  4- 6 || total
-------------------------+-------+-------++-------
Melee: Long sword        |   144 |    58 ||   202
  Use: Potion            |     5 |     1 ||     6
       Scroll            |     3 |       ||     3
Armor: Scale mail        |    54 |    23 ||    77
Dodge: Dodged            |    58 |    20 ||    78
Block: Buckler           |    80 |    38 ||   118
